 Dungeon Crawl Stone Soup version bcrawl-1.18.1 (webtiles) character file.

Game seed: 7898030285221578575

122 Morbidden the Sneak (level 5, -2/33 HPs)
             Began as a Kobold Archaeologist on Nov 9, 2019.
             Splashed by a jelly's acid (5 damage)
             ... on level 2 of the Dungeon.
             The game lasted 00:09:11 (4023 turns).

Morbidden the Sneak (Kobold Archaeologist)          Turns: 4023, Time: 00:09:11

Health: -2/33      AC: -1    Str:  9 (10) XL:     5   Next: 27%
Magic:  5/5        EV: 16    Int: 15      God:
Gold:   119        SH:  0    Dex: 10 (13) Spells: 4/4 levels left

rFire    . . .     SeeInvis .   a - +0 dagger
rCold    . . .     Gourm    .   (shield restricted)
rNeg     . . .     Faith    .   h - +1 robe
rPois    .         Spirit   .   k - +0 helmet
rElec    .         Reflect  .   r - +0 cloak
rCorr    .         Harm     .   (no gloves)
MR       .....                  d - +1 pair of boots
Stlth    +++.......             (no amulet)
HPRegen  0.11/turn              (no ring)
MPRegen  0.09/turn              (no ring)

@: corroded, studying Stealth
A: small, talons 1, carnivore, mutation resistance 1
a: no special abilities


You were on level 2 of the Dungeon.
You were completely stuffed.

You visited 1 branch of the dungeon, and saw 3 of its levels.

You collected 119 gold pieces.

Inventory:

Hand Weapons
 a - a +0 dagger (weapon)
 b - a +0 hunting sling
 v - a +0 rapier
Missiles
 s - 218 sling bullets
Armour
 d - a +1 pair of boots (worn)
 h - a +1 robe (worn)
 k - a +0 helmet (worn)
 r - a +0 cloak (worn)
Jewellery
 l - an uncursed ring of see invisible {unknown}
Scrolls
 c - a scroll of fear
 j - 2 scrolls of identify {unknown}
 m - a scroll of remove curse {unknown}
 o - a scroll of immolation {unknown}
 p - a scroll of amnesia {unknown}
 q - a scroll of enchant armour {unknown}
 t - a scroll of noise {unknown}
Potions
 i - a potion of agility {unknown}
 n - a potion of heal wounds
 u - a potion of lignification {unknown}
Books
 e - a manual of Stealth
Miscellaneous
 f - an ancient crate
Comestibles
 g - 7 rations {!d}


   Skills:
 + Level 1.4 Fighting
 * Level 2.0 Short Blades
   Level 0.8 Maces & Flails
 + Level 2.0 Slings
 + Level 4.4 Dodging
 * Level 7.1 Stealth


You had 4 spell levels left.
You didn't know any spells.
Your spell library was empty.

Dungeon Overview and Level Annotations

Branches:
Dungeon (3/12)

Altars:

Annotations:
D:3 Purgy


Innate Abilities, Weirdness & Mutations

You are small and have problems with some larger weapons.
You have sharp toenails.
You are carnivorous and can eat meat at any time.
You are somewhat resistant to further mutation.


Message History

You completely miss the jelly.
The jelly is lightly wounded.
The jelly hits you but does no damage.
You hit the jelly.
Your hands burn!
The jelly is lightly wounded.
You hit the jelly.
Your hands burn!
The jelly is moderately wounded.
The jelly hits you but does no damage.
You hit the jelly. The acid corrodes you!
Your hands burn!
The jelly is heavily wounded.
The jelly misses you.
You hit the jelly but do no damage.
Your hands burn!
The jelly is heavily wounded.
The jelly misses you.
You hit the jelly but do no damage. The acid corrodes you!
Your hands burn!
The jelly is heavily wounded.
The jelly hits you.
You are splashed with acid!
* * * LOW HITPOINT WARNING * * *
You hit the jelly but do no damage.
Your hands burn!
You die...

#############.###.# #..
#...............#.######..
###.#####.......#.##......
#.# #.###.#.#.##.##### #.#
#.....#.#.##.#####
#.#####................[
#...........#.#..####.##
#######J##.##.#..####.##
#@......).........
###..............#
############.####..####..#
#............## #..# #....
####.###......# #..# ##..#
#.# #......# #..# #..# #.#
#......# #..#####..
#.###......###.........
#.#.'......+....######.


You could see a jelly.

Vanquished Creatures
  2 gnolls
  4 adders
  An ooze (D:2)
  A worm (D:2)
  3 dart slugs
  A leopard gecko (D:3)
  An orc (D:3)
  A giant cockroach (D:2)
  11 hobgoblins
  2 jackals (D:3)
  A quokka (D:3)
  4 bats
  3 frilled lizards
  4 goblins
  8 kobolds
  4 rats
51 creatures vanquished.

Vanquished Creatures (others)
  7 toadstools (D:1)
7 creatures vanquished.

Grand Total: 58 creatures vanquished

Notes
Turn   | Place    | Note
-------+----------+-------------------------------------------
     0 | D:1      | Morbidden the Kobold Archaeologist began the quest for the
                  | Orb.
     0 | D:1      | Reached XP level 1. HP: 13/13 MP: 1/1
   292 | D:1      | Reached XP level 2. HP: 13/18 MP: 2/2
   441 | D:1      | Reached skill level 5 in Stealth
   676 | D:1      | Reached XP level 3. HP: 23/23 MP: 3/3
  1774 | D:2      | Reached skill level 1 in Short Blades
  2062 | D:2      | Reached skill level 6 in Stealth
  2657 | D:3      | Reached XP level 4. HP: 27/28 MP: 4/4
  2756 | D:3      | Noticed Purgy
  3292 | D:3      | Reached skill level 1 in Slings
  3576 | D:3      | Reached XP level 5. HP: 31/33 MP: 5/5
  3627 | D:2      | Reached skill level 7 in Stealth
  4023 | D:2      | Splashed by a jelly's acid

Skill      XL: |  1  2  3  4  5 |
---------------+----------------+-----
Stealth        | 5 6 7 |  7.1
Dodging        | 4 |  4.4
Short Blades   | 1 2 |  2.0
Slings         | 1 2 |  2.0
Fighting       | |  1.4
Maces & Flails | |  0.8

Action                   |  1- 3 |  4- 6 || total
-------------------------+-------+-------++-------
Melee: Dagger            |   219 |    81 ||   300
 Fire: Hunting sling     |    13 |    69 ||    82
  Use: Potion            |     2 |       ||     2
       Scroll            |       |     1 ||     1
 Stab: Sleeping          |    13 |       ||    13
  Eat: Chunk             |    14 |     4 ||    18
Armor: Robe              |    49 |    40 ||    89
Dodge: Dodged            |   148 |   107 ||   255
